 Dungeon Crawl Stone Soup version 0.17.2-1-ge4368a0 (webtiles) character file.

63 Goblin1989 the Cutter (level 3, -7/19 HPs)
             Began as a Spriggan Berserker on Dec 11, 2016.
             Was a Believer of Trog.
             Shot with an arrow of frost by a centaur (9 damage)
             ... on level 3 of the Dungeon.
             The game lasted 00:08:09 (2661 turns).

Goblin1989 the Cutter (Spriggan Berserker)          Turns: 2661, Time: 00:08:09

Health: -7/19      AC:  2    Str: 13    XL:     3   Next: 87%
Magic:  4/4        EV: 19    Int:  8    God:    Trog [**....]
Gold:   104        SH:  0    Dex: 16    Spells: 0 memorised, 2 levels left

rFire  . . .     SeeInvis +     e - +0 hunting sling (curse)
rCold  . . .     Clarity  .     b - +0 animal skin
rNeg   . . .     SustAt   .     (shield restricted)
rPois  .         Gourm    .     (helmet restricted)
rElec  .         Spirit   .     (no cloak)
rCorr  .         Warding  .     (gloves unavailable)
rMut   .         Rnd*Tele +     (boots unavailable)
MR     .....                    (no amulet)
Stlth  +++.......               i - ring of invisibility
                                t - ring of teleportation (curse)

@: very quick, not resistant to hostile enchantments, fairly stealthy
A: unfitting armour, see invisible, herbivore 3, speed 3, slow metabolism 2
a: Berserk, Trog's Hand, Burn Spellbooks, Renounce Religion, Evoke Invisibility,
Evoke Teleportation


You were on level 3 of the Dungeon.
You worshipped Trog.
Trog was pleased with you.
You were not hungry.

You visited 1 branch of the dungeon, and saw 3 of its levels.

You collected 104 gold pieces.

Inventory:

Hand Weapons
 a - a +0 short sword
 e - a cursed +0 hunting sling (weapon)
Missiles
 d - 35 stones (quivered)
 Z - a throwing net {=f, !d}
Armour
 b - a +0 animal skin (worn)
Jewellery
 i - a ring of invisibility (right hand)
 t - a cursed ring of teleportation (left hand)
Scrolls
 g - 2 scrolls of identify {unknown}
 h - a scroll of remove curse {unknown}
 j - 2 scrolls of fog {unknown}
 k - a scroll of amnesia {unknown}
 m - a scroll of random uselessness {unknown}
Potions
 f - 2 potions of flight
 n - a potion of heal wounds {unknown}
 o - a potion of brilliance {unknown}
 p - 2 potions of curing {unknown}
 q - a potion of degeneration {unknown}
Comestibles
 c - 2 bread rations {@e1}
 l - 3 fruits
 r - a royal jelly


   Skills:
 - Level 2.4 Fighting
 - Level 4.6 Short Blades
 * Level 0.2 Slings
 - Level 4.4 Dodging
 + Level 3.2 Stealth


You had 2 spell levels left.
You didn't know any spells.

Dungeon Overview and Level Annotations

Branches:
Dungeon (3/15)

Altars:


Innate Abilities, Weirdness & Mutations

You are tiny and cannot use many weapons and most armour.
You have supernaturally acute eyesight.
You are a herbivore.
You cover ground extremely quickly.
You need consume almost no food.


Message History

Firing (i - inventory. (,) - cycle):
d - 38 stones (quivered)
Press: ? - help, Shift-Dir - straight line, f/p - centaur
Aim: a centaur, wielding a shortbow You shoot a stone.
The stone hits the centaur but does no damage.
The centaur shoots an arrow of frost.
The arrow of frost barely misses you.
Firing (i - inventory. (,) - cycle):
d - 37 stones (quivered)
Press: ? - help, Shift-Dir - straight line, f/p - centaur
Aim: a centaur, wielding a shortbow You shoot a stone.
The stone hits the centaur.
The centaur is lightly wounded.
The centaur shoots an arrow of frost.
The arrow of frost closely misses you.
The centaur shoots an arrow of frost.
The arrow of frost completely misses you.
Firing (i - inventory. (,) - cycle):
d - 36 stones (quivered)
Press: ? - help, Shift-Dir - straight line, f/p - centaur
Aim: a centaur, wielding a shortbow (lightly wounded)
You shoot a stone. The stone closely misses the centaur.
The centaur shoots an arrow of frost.
The arrow of frost hits you!
You die...

█ ...█ █ █.████.███ ██
█........███ █.
███████████.█.....█████.
%.........█.█...█.....█.
..........█.███.█...█...
..........█.....███.█...
c.........█...█.....███.
..>....@..███.█...█.....
██████▲██.....███.█...█.
█████.....███.█.
.........█...(.██
███████..█...█...
█..███.█... █<.....███.
███..█.....
█████...█...██


You could see a centaur.

Vanquished Creatures
  2 adders (D:2)
  An ooze (D:2)
  A worm (D:3)
  A ball python (D:2)
  3 bats
  5 goblins
  3 hobgoblins
  3 giant cockroaches
  A giant gecko (D:2)
  A giant newt (D:1)
  2 jackals (D:1)
  5 kobolds (D:1)
  13 rats
41 creatures vanquished.

Notes
Turn   | Place    | Note
--------------------------------------------------------------
     0 | D:1      | Goblin1989 the Spriggan Berserker began the quest for the Orb.
     0 | D:1      | Reached XP level 1. HP: 11/11 MP: 2/2
     0 | D:1      | Noticed a large abomination
     0 | D:1      | Noticed an iron dragon
     0 | D:1      | Noticed a tentacled monstrosity
     2 | D:1      | Noticed an iron dragon
     5 | D:1      | Noticed a shadow dragon
     7 | D:1      | Noticed an ice dragon
     8 | D:1      | Noticed an iron dragon
    10 | D:1      | Noticed a white draconian
    10 | D:1      | Noticed an iron dragon
    12 | D:1      | Noticed an ice dragon
    12 | D:1      | Noticed a red draconian
    14 | D:1      | Noticed an iron dragon
    16 | D:1      | Noticed a tentacled monstrosity
    18 | D:1      | Noticed a tentacled monstrosity
    18 | D:1      | Noticed a tentacled monstrosity
    20 | D:1      | Noticed a black draconian
   531 | D:1      | Reached XP level 2. HP: 16/16 MP: 3/3
   634 | D:1      | Reached skill level 1 in Stealth
  1527 | D:1      | Reached ** piety under Trog
  1726 | D:2      | Reached XP level 3. HP: 8/19 MP: 4/4
  2656 | D:3      | Noticed a centaur
  2661 | D:3      | Shot with an arrow of frost by a centaur

Action                   || total
-------------------------++-------
Melee: Short sword       ||    82
 Fire: Hunting sling     ||    80
  Use: Potion            ||     1
 Stab: Sleeping          ||     4

Vault maps used:
D:1:      shiori_arrival_whats_in_store_for_you, kennysheep_flooded_box,
          hangedman_decor_push
D:3:      hangedman_decor_points
